AoeStats
← Caribe

Golden Pit

509145838Analyzed
1v1 RM · 6d ago on Sep 25, 2026· 36m 41s· 2 players
Game mode
Random Map
Map size
Tiny (2 player)
Population
200
Speed
Normal
Resources
Standard
Victory
Conquest
Starting age
Dark Age
Ending age
Imperial Age
RankedLock teamsTeams togetherTeam positionsShared explorationLock speedFull tech treeHidden civsTurbo modeCheats
Victory
Defeat
🇺🇸 Hindustanis · United States
1219
+17
🇻🇪 Vietnamese · Venezuela
1232
-17
Stahlzie
7:11 Loom
9:22 Feudal Age
15:24 Double-Bit Axe
18:41 Castle Age
16:38 Horse Collar
17:40 Double-Bit Axe
18:53 Forging
27:06 Squires
28:45 Scale Mail Armor
32:05 Chain Mail Armor
35:06 Iron Casting
36:00 Grand Trunk Road
36:54 Gold Mining
Caribe
6:22 Loom
9:19 Feudal Age
10:27 Double-Bit Axe
15:20 Horse Collar
19:44 Castle Age
18:22 Bloodlines
19:24 Forging
19:44 Scale Barding Armor
20:11 Scale Mail Armor
20:39 Husbandry
21:48 Squires
23:24 Bow Saw
30:14 Imperial Age
29:11 Iron Casting
31:32 Fletching
31:55 Padded Archer Armor
33:04 Chemistry
31:48 Crossbowman
32:32 Bodkin Arrow
33:20 Ballistics
33:58 Bracer
36:39 Leather Archer Armor
Connection lost

Rejoining the realm…

Still unreachable

The connection could not be restored.

Session expired

The server has moved on; the page needs a fresh start.